[ AOE2 MATCH · #507971533 ]
UnrankedMalay vs Berbers
Player's team · LOSS
Rival team · WIN
[ REPLAY ANALYSIS · EXTRACTED FROM THE RECORDED GAME ]
Feudal
11:19
Castle
16:19
Imperial
28:25
| APM avg | 62.7 |
| APM peak | 141 |
| eAPM avg | 35.6 |
| Villagers / military | 182 / 204 |
Focus
⚔️ 31.2% · 🌾 68.8%
Archer ×131 · Spearman ×39 · Bombard Cannon ×21 · Militia ×6 · Battering Ram ×3 · Mangonel ×2
Feudal
10:31
Castle
15:16
Imperial
29:19
| APM avg | 52.7 |
| APM peak | 127 |
| eAPM avg | 31.6 |
| Villagers / military | 142 / 159 |
Focus
⚔️ 51.9% · 🌾 48.1%
Camel Archer ×90 · Scout Cavalry ×49 · Bombard Cannon ×10 · Trebuchet (Packed) ×4 · Monk ×2 · Knight ×2
Match map
Initial resources + every placement click. Lines = walls · curves = elevation contours. ◆ gold · ⬟ stone · ● berries · ✦ relic · ◌ wall gap
Your base· ✓ Closed at 16:19 · 0t walls · 4 gate(s)
[o.p.]King_Marv's base· ✓ Closed at 15:16 · 1t walls · 3 gate(s)
Smoothed initial terrain · ◌ = detected wall gap · hover for details
Inputs per minute
— BucketsTTP - - [o.p.]King_Marv
Build order — BucketsTTP
First 150 of 630 actions detected
| 0:01 | Queue | Villager (Male) |
| 0:01 | Queue | Villager (Male) |
| 0:03 | Build | House |
| 0:04 | Build | House |
| 0:14 | Queue | Villager (Male) |
| 0:14 | Queue | Villager (Male) |
| 1:25 | Queue | Villager (Male) |
| 1:25 | Queue | Villager (Male) |
| 1:54 | Build | Lumber Camp |
| 1:59 | Queue | Villager (Male) |
| 1:59 | Queue | Villager (Male) |
| 2:15 | Queue | Villager (Male) |
| 2:15 | Queue | Villager (Male) |
| 2:38 | Queue | Villager (Male) |
| 3:07 | Queue | Villager (Male) |
| 3:07 | Queue | Villager (Male) |
| 3:30 | Queue | Villager (Male) |
| 3:54 | Queue | Villager (Male) |
| 3:55 | Queue | Villager (Male) |
| 3:57 | Build | House |
| 4:48 | Queue | Villager (Male) |
| 4:56 | Build | Barracks |
| 5:04 | Queue | Villager (Male) |
| 5:30 | Queue | Villager (Male) |
| 5:38 | Build | House |
| 5:51 | Queue | Militia |
| 5:58 | Queue | Villager (Male) |
| 6:03 | Queue | Militia |
| 6:23 | Queue | Villager (Male) |
| 6:27 | Build | Mining Camp |
| 6:34 | Queue | Militia |
| 6:38 | Queue | Villager (Male) |
| 6:56 | Build | House |
| 7:12 | Queue | Villager (Male) |
| 7:39 | Queue | Villager (Male) |
| 7:55 | Build | Mill |
| 7:57 | Queue | Villager (Male) |
| 8:41 | Queue | Villager (Male) |
| 8:52 | Queue | Villager (Male) |
| 8:58 | Build | House |
| 9:09 | Build | Farm |
| 9:11 | Build | Farm |
| 9:14 | Queue | Villager (Male) |
| 9:43 | Build | Farm |
| 9:46 | Research | Feudal Age |
| 10:23 | Build | Farm |
| 10:32 | Build | Farm |
| 10:35 | Queue | Villager (Male) |
| 11:18 | Build | Farm |
| 11:19 | Build | Farm |
| 11:19 | Age | Feudal Age |
| 11:23 | Research | Double-Bit Axe |
| 11:29 | Build | Farm |
| 11:30 | Build | Farm |
| 11:33 | Queue | Villager (Male) |
| 11:41 | Build | Farm |
| 11:49 | Queue | Villager (Male) |
| 12:03 | Build | Farm |
| 12:05 | Build | Farm |
| 12:05 | Queue | Villager (Male) |
| 12:09 | Build | House |
| 12:42 | Build | Archery Range |
| 12:54 | Queue | Villager (Male) |
| 13:15 | Queue | Spearman |
| 13:21 | Queue | Villager (Male) |
| 13:40 | Build | Blacksmith |
| 13:43 | Queue | Villager (Male) |
| 13:49 | Queue | Archer |
| 14:10 | Queue | Villager (Male) |
| 14:18 | Research | Loom |
| 14:24 | Research | Castle Age |
| 14:25 | Research | Castle Age |
| 14:42 | Build | House |
| 14:52 | Research | Fletching |
| 15:02 | Research | Horse Collar |
| 15:02 | Research | Horse Collar |
| 15:03 | Research | Gold Mining |
| 15:03 | Research | Gold Mining |
| 15:23 | Research | Horse Collar |
| 15:48 | Queue | Villager (Male) |
| 16:19 | Age | Castle Age |
| 16:20 | Build | Town Center |
| 16:23 | Build | Town Center |
| 16:24 | Research | Bow Saw |
| 16:24 | Research | Bow Saw |
| 16:26 | Queue | Villager (Male) |
| 16:30 | Build | Farm |
| 16:33 | Queue | Villager (Male) |
| 16:41 | Queue | Spearman |
| 16:55 | Queue | Villager (Male) |
| 17:02 | Queue | Villager (Male) |
| 17:14 | Queue | Villager (Male) |
| 17:21 | Queue | Spearman |
| 17:23 | Build | Farm |
| 17:24 | Build | Farm |
| 17:25 | Build | Farm |
| 17:26 | Queue | Villager (Male) |
| 17:30 | Queue | Villager (Male) |
| 17:31 | Queue | Villager (Male) |
| 17:48 | Queue | Spearman |
| 17:49 | Queue | Villager (Male) |
| 17:52 | Build | Farm |
| 17:58 | Build | House |
| 18:00 | Build | House |
| 18:03 | Queue | Spearman |
| 18:05 | Queue | Villager (Male) |
| 18:08 | Queue | Villager (Male) |
| 18:16 | Queue | Spearman |
| 18:21 | Queue | Villager (Male) |
| 18:22 | Queue | Villager (Male) |
| 18:24 | Build | Lumber Camp |
| 18:32 | Queue | Villager (Male) |
| 18:34 | Queue | Spearman |
| 18:44 | Build | Farm |
| 18:45 | Build | Farm |
| 18:46 | Queue | Villager (Male) |
| 18:55 | Queue | Villager (Male) |
| 18:56 | Queue | Archer |
| 18:58 | Queue | Villager (Male) |
| 19:10 | Queue | Villager (Male) |
| 19:18 | Build | Monastery |
| 19:23 | Queue | Archer |
| 19:26 | Build | Farm |
| 19:27 | Queue | Villager (Male) |
| 19:34 | Build | Farm |
| 19:34 | Build | Farm |
| 19:40 | Queue | Archer |
| 19:41 | Queue | Villager (Male) |
| 19:44 | Queue | Villager (Male) |
| 19:50 | Build | Farm |
| 19:51 | Build | Farm |
| 19:51 | Build | Farm |
| 19:51 | Build | Farm |
| 19:51 | Build | Farm |
| 19:51 | Build | Farm |
| 19:51 | Build | Farm |
| 19:52 | Build | Farm |
| 19:54 | Queue | Archer |
| 19:54 | Queue | Archer |
| 19:57 | Queue | Villager (Male) |
| 20:02 | Build | House |
| 20:06 | Queue | Monk |
| 20:10 | Queue | Villager (Male) |
| 20:14 | Research | Town Watch |
| 20:16 | Queue | Villager (Male) |
| 20:18 | Build | Farm |
| 20:19 | Build | Farm |
| 20:20 | Build | Farm |
| 20:24 | Build | Farm |
| 20:25 | Queue | Villager (Male) |
Build order — [o.p.]King_Marv
First 150 of 553 actions detected
| 0:00 | Queue | Villager (Male) |
| 0:00 | Queue | Villager (Male) |
| 0:01 | Queue | Villager (Male) |
| 0:01 | Queue | Villager (Male) |
| 0:02 | Build | House |
| 0:03 | Build | House |
| 1:10 | Queue | Villager (Male) |
| 1:45 | Build | Lumber Camp |
| 1:51 | Queue | Villager (Male) |
| 2:14 | Queue | Villager (Male) |
| 2:40 | Queue | Villager (Male) |
| 3:05 | Queue | Villager (Male) |
| 3:26 | Queue | Villager (Male) |
| 3:32 | Build | House |
| 4:00 | Queue | Villager (Male) |
| 4:12 | Build | Mill |
| 4:27 | Queue | Villager (Male) |
| 4:45 | Queue | Villager (Male) |
| 5:13 | Queue | Villager (Male) |
| 5:35 | Queue | Villager (Male) |
| 5:56 | Build | House |
| 5:59 | Queue | Villager (Male) |
| 6:01 | Queue | Villager (Male) |
| 6:01 | Queue | Villager (Male) |
| 6:16 | Queue | Villager (Male) |
| 6:22 | Build | House |
| 6:51 | Queue | Villager (Male) |
| 6:58 | Build | Lumber Camp |
| 6:59 | Build | Lumber Camp |
| 7:46 | Queue | Villager (Male) |
| 8:21 | Research | Feudal Age |
| 8:35 | Build | House |
| 9:48 | Build | Barracks |
| 9:55 | Build | Mining Camp |
| 10:10 | Build | Palisade Wall |
| 10:31 | Queue | Villager (Male) |
| 10:31 | Queue | Villager (Male) |
| 10:31 | Age | Feudal Age |
| 10:44 | Build | Blacksmith |
| 10:46 | Build | Stable |
| 11:13 | Queue | Villager (Male) |
| 11:33 | Queue | Villager (Male) |
| 11:53 | Queue | Villager (Male) |
| 11:57 | Build | House |
| 12:31 | Research | Castle Age |
| 13:09 | Research | Horse Collar |
| 13:21 | Build | Farm |
| 13:22 | Build | Farm |
| 13:23 | Build | Farm |
| 13:25 | Build | Farm |
| 13:26 | Build | Farm |
| 13:28 | Build | Farm |
| 13:34 | Build | Farm |
| 13:36 | Build | Farm |
| 13:48 | Build | Farm |
| 13:51 | Build | Farm |
| 13:59 | Build | Farm |
| 14:00 | Build | Farm |
| 14:20 | Research | Double-Bit Axe |
| 14:40 | Queue | Scout Cavalry |
| 14:44 | Build | Farm |
| 14:46 | Build | Farm |
| 14:52 | Queue | Scout Cavalry |
| 15:16 | Age | Castle Age |
| 15:19 | Build | Monastery |
| 15:22 | Queue | Villager (Male) |
| 15:34 | Queue | Knight |
| 15:36 | Queue | Knight |
| 15:45 | Research | Loom |
| 15:48 | Build | House |
| 16:14 | Queue | Villager (Male) |
| 16:16 | Build | Farm |
| 16:21 | Queue | Villager (Male) |
| 16:40 | Queue | Villager (Male) |
| 17:08 | Queue | Villager (Male) |
| 17:09 | Queue | Villager (Male) |
| 17:12 | Build | Town Center |
| 17:21 | Queue | Monk |
| 17:25 | Queue | Villager (Male) |
| 17:25 | Research | Bow Saw |
| 17:48 | Queue | Villager (Male) |
| 17:50 | Build | House |
| 18:00 | Queue | Monk |
| 18:21 | Queue | Villager (Male) |
| 18:24 | Build | Farm |
| 18:25 | Build | Farm |
| 18:26 | Build | Farm |
| 18:28 | Queue | Villager (Male) |
| 18:29 | Queue | Villager (Male) |
| 18:50 | Queue | Villager (Male) |
| 19:11 | Build | House |
| 19:11 | Build | House |
| 19:12 | Queue | Villager (Male) |
| 19:13 | Build | Town Center |
| 19:30 | Research | Wheelbarrow |
| 19:42 | Queue | Villager (Male) |
| 19:43 | Queue | Villager (Male) |
| 19:49 | Build | House |
| 19:50 | Build | House |
| 19:59 | Queue | Villager (Male) |
| 19:59 | Queue | Villager (Male) |
| 20:18 | Queue | Villager (Male) |
| 20:21 | Queue | Villager (Male) |
| 20:26 | Research | Gold Mining |
| 20:26 | Research | Heavy Plow |
| 20:35 | Queue | Villager (Male) |
| 20:38 | Queue | Villager (Male) |
| 20:38 | Queue | Villager (Male) |
| 20:44 | Queue | Villager (Male) |
| 20:45 | Build | Farm |
| 20:46 | Build | Farm |
| 20:47 | Build | Farm |
| 20:50 | Queue | Villager (Male) |
| 20:57 | Queue | Villager (Male) |
| 21:08 | Queue | Villager (Male) |
| 21:12 | Build | Gate |
| 21:15 | Build | Stone Wall |
| 21:17 | Build | Stone Wall |
| 21:19 | Queue | Villager (Male) |
| 21:29 | Build | Farm |
| 21:29 | Build | Farm |
| 21:30 | Build | Farm |
| 21:31 | Build | Farm |
| 21:42 | Build | Stone Wall |
| 21:43 | Queue | Villager (Male) |
| 21:52 | Queue | Villager (Male) |
| 21:53 | Queue | Villager (Male) |
| 21:56 | Build | Farm |
| 21:58 | Build | Farm |
| 22:02 | Queue | Villager (Male) |
| 22:06 | Build | Farm |
| 22:07 | Build | Farm |
| 22:13 | Queue | Villager (Male) |
| 22:18 | Build | House |
| 22:19 | Build | House |
| 22:19 | Queue | Villager (Male) |
| 22:22 | Queue | Villager (Male) |
| 22:33 | Queue | Villager (Male) |
| 22:41 | Build | Farm |
| 22:41 | Build | Farm |
| 22:43 | Build | Farm |
| 22:44 | Queue | Villager (Male) |
| 22:46 | Build | Mining Camp |
| 22:50 | Research | Hand Cart |
| 22:50 | Research | Hand Cart |
| 22:57 | Build | Stone Wall |
| 22:58 | Queue | Villager (Male) |
| 23:05 | Queue | Villager (Male) |
| 23:16 | Build | Town Center |
| 23:19 | Queue | Villager (Male) |
Match timeline
| 4:56 | BucketsTTP · first_building Barracks |
| 9:48 | [o.p.]King_Marv · first_building Barracks |
| 10:10 | [o.p.]King_Marv · wall_segment Palisade Wall x1 |
| 10:31 | [o.p.]King_Marv · age_up feudal |
| 10:46 | [o.p.]King_Marv · first_building Stable |
| 11:19 | BucketsTTP · age_up feudal |
| 12:42 | BucketsTTP · first_building Archery Range |
| 15:16 | [o.p.]King_Marv · age_up castle |
| 15:19 | [o.p.]King_Marv · first_building Monastery |
| 16:19 | BucketsTTP · age_up castle |
| 19:18 | BucketsTTP · first_building Monastery |
| 21:15 | [o.p.]King_Marv · wall_segment Stone Wall x3 |
| 21:17 | [o.p.]King_Marv · wall_segment Stone Wall x1 |
| 21:42 | [o.p.]King_Marv · wall_segment Stone Wall x5 |
| 22:57 | [o.p.]King_Marv · wall_segment Stone Wall x8 |
| 23:37 | [o.p.]King_Marv · wall_segment Stone Wall x1 |
| 24:17 | [o.p.]King_Marv · wall_segment Stone Wall x1 |
| 24:17 | [o.p.]King_Marv · wall_segment Stone Wall x1 |
| 24:19 | [o.p.]King_Marv · wall_segment Stone Wall x1 |
| 24:21 | [o.p.]King_Marv · wall_segment Stone Wall x1 |
| 24:23 | [o.p.]King_Marv · wall_segment Stone Wall x1 |
| 24:24 | [o.p.]King_Marv · wall_segment Stone Wall x1 |
| 24:26 | [o.p.]King_Marv · wall_segment Stone Wall x1 |
| 24:28 | [o.p.]King_Marv · wall_segment Stone Wall x1 |
| 24:30 | BucketsTTP · wall_segment Stone Wall x23 |
| 24:30 | [o.p.]King_Marv · wall_segment Stone Wall x1 |
| 24:32 | [o.p.]King_Marv · wall_segment Stone Wall x1 |
| 24:34 | [o.p.]King_Marv · wall_segment Stone Wall x1 |
| 24:36 | [o.p.]King_Marv · wall_segment Stone Wall x1 |
| 24:37 | [o.p.]King_Marv · wall_segment Stone Wall x1 |
| 24:41 | [o.p.]King_Marv · wall_segment Stone Wall x1 |
| 26:30 | BucketsTTP · wall_segment Stone Wall x18 |
| 27:35 | BucketsTTP · first_building Castle |
| 27:46 | BucketsTTP · wall_segment Stone Wall x1 |
| 27:59 | [o.p.]King_Marv · first_building Castle |
| 28:19 | BucketsTTP · first_building Siege Workshop |
| 28:25 | BucketsTTP · age_up imperial |
| 29:19 | [o.p.]King_Marv · age_up imperial |
| 29:37 | [o.p.]King_Marv · first_building Siege Workshop |
| 33:13 | [o.p.]King_Marv · wall_segment Stone Wall x8 |
| 35:13 | [o.p.]King_Marv · first_building Archery Range |
| 38:18 | [o.p.]King_Marv · first_market_sell 500 food |
| 41:04 | BucketsTTP · first_market_sell 500 food |
| 46:37 | BucketsTTP · resign |
[ AI ANALYSIS · 1 CREDIT ]
What really happened in this match?
Wolo.gg analyzes every decision: build order, eco, micro, common mistakes by bracket. Personalized analysis on WhatsApp or Discord in 30 seconds.
Civ guide
Malay
Perfil
Jugador #9745080